Zazza, neutral male human Tourist --------- |.......| |.......|## |.......|## |..<.f..[# |.....@f| --------- Zazza the Rambler Experience level: 1 Strength: 11 Dexterity: 11 Constitution: 14 Intelligence: 14 Wisdom: 9 Charisma: 18 Health: 0(12) Energy: 2(2) Def: -1 Gold: 1004 Moves: 2002 Dungeon seed: kP45tIV9ixIAWWwH Game ID: Zazza_1619099597 Your Inventory: Coins $ - 1004 gold pieces Amulets x - an uncursed amulet of ESP (being worn) Weapons a - 38 +2 darts (in quiver) p - a +0 spear s - 6 +0 darts y - a cursed +1 orcish dagger z - a cursed +0 dagger A - 23 cursed +2 darts B - a cursed +0 elven spear J - a +0 crossbow Armor e - a cursed -1 Hawaiian shirt (being worn) r - a cursed +0 Hawaiian shirt N - a cursed +0 orcish helm Y - a cursed +0 pair of leather gloves Comestibles g - 3 uncursed eggs j - 13 uncursed food rations C - 2 cursed tripe rations Spellbooks M - an uncursed spellbook of healing Potions k - 3 uncursed potions of extra healing u - a cursed potion of monster detection Rings w - a cursed ring of sustain ability Tools n - an expensive camera (0:95) o - an uncursed credit card D - a cursed credit card E - a cursed expensive camera (0:31) L - an uncursed tin whistle Gems q - 2 uncursed worthless pieces of orange glass G - an uncursed aquamarine stone Spells and supernatural/magical abilities: Name Level Category Fail Memory h - healing 1 healing 21% 99% W - pray for help -- divine ? -- Your skills at the end: Fighting Skills Weapon Skills dart [Basic] Spellcasting Skills Final Attributes: You were nominally aligned. You saw invisible. You were telepathic. You are dead. Vanquished creatures: a shrieker a black naga hatchling a large kobold a hobgoblin 2 giant rats a cave spider a gecko 3 jackals 3 foxes a kobold 2 sewer rats 2 grid bugs 2 lichens a newt 22 creatures vanquished. Voluntary challenges: You had followed a strict vegetarian diet until turn 1937. You were an atheist. You never hit with a wielded weapon. You read items or engraved 10 times, starting on turn 425. You never genocided any monsters. You never polymorphed an object. You never changed form. You used no wishes. You never split a pudding. You wrote Elbereth's name 1 time, starting on turn 624. You never violated your personal moral code. Dungeon overview: The Dungeons of Doom: levels 1 to 7 Level 1 a long staircase Level 2 some fountains a long staircase Level 3 a fountain Level 4 a scroll shop Level 5 Level 6 a fountain Level 7 <- You were here History has recorded: On T:1 you entered the Dungeons of Doom to retrieve the Amulet of Yendor! On T:320 you reached level 2 of The Dungeons of Doom. On T:740 you reached level 3 of The Dungeons of Doom. On T:993 you reached level 4 of The Dungeons of Doom. On T:1325 you reached level 5 of The Dungeons of Doom. On T:1581 you reached level 6 of The Dungeons of Doom. On T:1914 you reached level 7 of The Dungeons of Doom. Score breakdown: Gold: 809 ( 9893 points) Experience: 1 level ( 0 points) Exploration: 7 levels ( 14.00%) (10497 points) Discoveries: 5 items ( 1.68%) ( 3885 points) Valuables value: (no points given unless you survive) Artifact value: 0 ( 0 points) Variety of kills: 14 monsters ( 3.67%) ( 5750 points) Turncount: 2002 turns ( -2 points) Survival: died (score multiplied by 80%) Total score: 24018 Latest messages: The black naga hatchling bites! (2x) There is an open door here. You see here an iron skull cap. The black naga hatchling bites! Armand misses the black naga hatchling. (2x) The black naga hatchling bites Armand. Armand misses the black naga hatchling. Armand bites the black naga hatchling. The black naga hatchling misses Armand. Armand misses the black naga hatchling. Armand bites the black naga hatchling. The black naga hatchling bites Armand. Armand misses the black naga hatchling. The black naga hatchling misses Armand. Armand bites the black naga hatchling. The black naga hatchling is killed! You displace Armand. You see here a black naga hatchling corpse. You have a very bad case of stomach acid. You die... Final status: Aloha Zazza the Tourist, killed by an acidic corpse... You died in The Dungeons of Doom on dungeon level 7 with 24018 points, and 1004 pieces of gold, after 2002 moves. You were level 1 with a maximum of 12 hit points when you died.